 Dungeon Crawl Stone Soup version 0.32-a0-427-g448f42529f (webtiles) character file.

Game seed: 13231728900655024806

11611 Gargoyl the Cleaver (level 11, 0/106 HPs)
             Began as a Gargoyle Berserker on Feb 22, 2024.
             Was an Elder of Trog.
             Slain by a sun demon (7 damage)
             ... in a volcano.
             The game lasted 00:13:49 (8864 turns).

Gargoyl the Cleaver (Gargoyle Berserker)            Turns: 8864, Time: 00:13:50

Health: 0/106      AC: 16    Str: 21    XL:     11   Next: 80%
Magic:  11/11      EV: 12    Int: 13    God:    Trog [****..]
Gold:   450        SH:  0    Dex: 13    Spells: 10/10 levels left

rFire   + . .        j - +10 executioner's axe "Kaule" {heavy, rPois rN+ Int+5 SInv}
rCold   . . .        (shield currently unavailable)
rNeg    + + .        l - +2 ring mail {rF+}
rPois   ∞            (no helmet)
rElec   +            i - scarf {repulsion}
rCorr   .            (no gloves)
SInv    +            (no boots)
Will    ++...        (no amulet) Stlth
                     (no ring)
HPRegen 1.37/turn    (no ring)
MPRegen 0.12/turn

%: repel missiles
@: berserking (expiring), strong-willed, spiked, regenerating, very quick
A: sickness immunity, AC +8, negative energy resistance 1, electricity
resistance, torment resistance 1, petrification resistance
a: Renounce Religion, Berserk, Trog's Hand, Brothers in Arms


You were in a volcano.
You worshipped Trog.
Trog was greatly pleased with you.
You visited 2 branches of the dungeon, and saw 10 of its levels.
You also visited: Volcano.

You collected 450 gold pieces.

Inventory:

Hand Weapons
 a - a +1 hand axe
 f - a +3 broad axe of flaming
 j - the +10 executioner's axe "Kaule" (weapon) {heavy, rPois rN+ Int+5 SInv}
   (You acquired it on level 5 of the Dungeon)

   Int+5:     It affects your intelligence (+5).
   rPois:     It protects you from poison rN+: It protects you from negative
   energy.
   SInv:      It lets you see invisible.
 n - a +1 heavy war axe
Armour
 i - a scarf of repulsion (worn)
 l - a +2 ring mail of fire resistance (worn)
Jewellery
 g - an amulet of faith
 p - a ring of magical power
Wands
 q - a wand of mindburst (13)
 t - a wand of roots (5)
 x - a wand of charming (4)
Scrolls
 b - 4 scrolls of teleportation
 k - 2 scrolls of poison
 m - a scroll of blinking
 r - 2 scrolls of identify
 s - a scroll of fog
 u - a scroll of fear
 w - a scroll of silence
Potions
 c - 2 potions of heal wounds
 d - 2 potions of might
 e - 2 potions of curing
 h - 2 potions of cancellation
 o - a potion of ambrosia {unknown}
 v - a potion of brilliance {unknown}


   Skills:
 + Level 9.2 Fighting
 + Level 13.3 Axes
 + Level 7.3 Armour
 + Level 4.8 Dodging
 + Level 2.2 Stealth


You had 10 spell levels left.
You didn't know any spells.
Your spell library was empty.

Dungeon Overview and Level Annotations

Branches:
Dungeon (9/15)             Temple (0/1) D:6            Lair (1/5) D:9
Volcano (1/1)
    Orc: D:9-12

Altars:
Ashenzari
Kikubaaqudgha
Ru
Trog
Uskayaw

Annotations:
D:1 1 transporter
D:4 2 transporters, Vendren's ghost, amateur DgSh


Innate Abilities, Weirdness & Mutations

You are immune to sickness and miasma.
Your stone body is resilient. (AC +8)
You are immune to poison.
You resist negative energy. (rN+)
You are resistant to electric shocks. (rElec)
You are resistant to unholy torment.
You are immune to petrification.


Message History

The red ugly thing gores you but does no damage.
You slice the red ugly thing like a ripe choko!!!
You kill the red ugly thing!
Trog accepts your kill. The sun demon hits you!
You are engulfed in flames!
You resist.
You barely miss the sun demon.
The red devil hits you from afar with a +4 trident of flaming!
Barbed spikes become lodged in your body.
The red devil burns you.
The sun demon hits you but does no damage.
You hit the sun demon.
The sun demon is lightly wounded.
The sun demon hits you but does no damage.
The red devil hits you from afar with a +4 trident of flaming!!
* * * LOW HITPOINT WARNING * * *
Barbed spikes become lodged in your body.
The red devil burns you.
* * * LOW HITPOINT WARNING * * *
The sun demon closely misses you.
The red devil hits you from afar with a +4 trident of flaming!
* * * LOW HITPOINT WARNING * * *
Barbed spikes become lodged in your body.
The red devil burns you.
* * * LOW HITPOINT WARNING * * *
You cut the sun demon into ribbons!!!
The sun demon is severely wounded.
The sun demon barely misses you.
The red devil hits you from afar with a +4 trident of flaming!
* * * LOW HITPOINT WARNING * * *
Barbed spikes become lodged in your body.
The red devil burns you.
* * * LOW HITPOINT WARNING * * *
You hit the sun demon.
The sun demon is almost dead.
The sun demon barely misses you. The red devil closely misses you.
Unknown command.
You barely miss the sun demon.
The sun demon is almost dead.
The sun demon hits you!
You die...

≈§≈§≈§§≈...............§§§§≈≈≈§§≈
≈≈§≈§≈≈.#################§§≈§§≈≈≈
§§§§§§≈§# +.....+ #.§§≈≈≈≈≈
≈§§≈≈§≈.# .ß_ß. #.≈≈≈≈≈§°
§§§§§≈≈.# ... #.≈≈≈§§§≈ ≈≈≈§§§§.#
#4###++###§§§≈§≈§§ ≈≈≈≈§§§§#
#4#......#.§≈≈§≈§≈ ≈≈≈§≈§§.#
#3#.######.§≈≈§§§§ §≈§≈≈≈§§# #@#
#.§§≈≈§≈≈ ≈≈≈≈§§§§# #.# #.≈≈≈≈≈§≈
≈≈≈§§≈.§# #.# #.§§≈§≈≈≈ ≈≈§≈≈§§.#
#.# #.§≈≈§≈≈≈
§≈≈≈§§≈.########'########.≈§§§§≈≈
§§≈≈≈§≈≈......§..........§§≈≈≈≈≈≈
§≈≈≈≈≈≈≈≈≈≈≈≈≈≈≈§≈≈≈§≈≈§≈§§§≈≈≈≈≈
≈§§§≈§≈≈§≈≈§§≈≈≈≈§≈§§§§§§§§≈≈≈§§≈
≈≈§≈≈≈≈≈≈§≈§§≈§§§≈§≈≈≈§≈≈≈≈≈≈§≈≈≈


You could see a sun demon and 2 red devils.

Vanquished Creatures
  An ugly thing (Volcano)
  A gargoyle (D:8)
  Maggie (D:8)
  3 cane toads (Lair:1)
  A rime drake (D:9)
  A komodo dragon (D:7)
  3 blink frogs (Lair:1)
  Grinder (D:4)
  A shadow (D:9)
  3 hogs (D:9)
  A wyvern (D:8)
  Eustachio (D:4)
  A fire bat (Volcano)
  16 yaks
  A human (D:9)
  A steam dragon (D:8)
  4 water moccasins
  5 ice beasts
  A black bear (D:5)
  4 ogres (D:5)
  3 wolves (D:9)
  2 centaurs
  5 bullfrogs
  A kobold brigand (D:9)
  2 scorpions (D:7)
  2 wyvern zombies (D:8)
  A gnoll sergeant (D:7)
  15 wights
  6 killer bees (D:8)
  A bombardier beetle (D:5)
  2 electric eels (D:8)
  6 lava snakes (Volcano)
  4 centaur zombies (D:8)
  A gnoll bouda (D:6)
  3 jellies
  2 orc priests
  4 hounds
  2 sleepcaps (D:7)
  9 iguanas
  4 orc wizards
  2 killer bee zombies (D:8)
  A howler monkey zombie (D:8)
  7 adders
  8 gnolls
  2 shadow imps
  3 white imps
  3 dart slugs
  2 ribbon worms
  22 orcs
  6 endoplasms
  2 giant cockroaches
  7 goblins
  6 hobgoblins
  11 ball pythons
  5 bats
  11 frilled lizards
  10 kobolds
  4 rats
238 creatures vanquished.

Notes
Turn   | Place    | Note
-------+----------+-------------------------------------------
     0 | D:1      | Gargoyl the Gargoyle Berserker began the quest for the Orb.
     0 | D:1      | Reached XP level 1. HP: 14/14 MP: 1/1
   189 | D:1      | Reached XP level 2. HP: 16/19 MP: 2/2
   267 | D:1      | Reached skill level 3 in Axes
   302 | D:1      | Found a faded altar of an unknown god.
   413 | D:1      | Reached XP level 3. HP: 23/24 MP: 3/3
   892 | D:2      | Reached XP level 4. HP: 29/29 MP: 4/4
   970 | D:2      | Reached ** piety under Trog
  1953 | D:3      | Reached XP level 5. HP: 34/34 MP: 5/5
  2212 | D:4      | Found a transporter.
  2213 | D:4      | Noticed Vendren's ghost (amateur DgSh)
  2223 | D:4      | Reached skill level 4 in Axes
  2498 | D:4      | Noticed Eustachio
  2510 | D:4      | Killed Eustachio
  2511 | D:4      | Reached XP level 6. HP: 39/39 MP: 6/6
  2696 | D:4      | Reached skill level 5 in Axes
  2701 | D:4      | Noticed Grinder
  2703 | D:4      | Paralysed by Grinder for 2 turns
  2731 | D:4      | Identified the +8 giant club of Dimmecke {protect, rPois
                  | rCorr}
  2731 | D:4      | Paralysed by Grinder for 3 turns
  2754 | D:4      | Killed Grinder
  2755 | D:4      | Reached skill level 5 in Fighting
  2755 | D:4      | Reached XP level 7. HP: 43/44 MP: 7/7
  2786 | D:4      | Found a transporter.
  2964 | D:4      | Reached skill level 6 in Axes
  3077 | D:5      | Entered Level 5 of the Dungeon
  3169 | D:5      | Identified 2 scrolls of acquirement
  3169 | D:5      | Acquired the +10 executioner's axe "Kaule" {heavy, rPois
                  | rN+ Int+5 SInv}
  3172 | D:5      | Acquired a scarf of repulsion
  3464 | D:5      | Reached skill level 1 in Stealth
  3464 | D:5      | Reached XP level 8. HP: 16/50 MP: 8/8
  3594 | D:5      | Found a broken altar of Ashenzari.
  3616 | D:5      | Reached skill level 7 in Axes
  4046 | D:6      | Reached skill level 8 in Axes
  4253 | D:6      | Found a staircase to the Ecumenical Temple.
  4402 | D:6      | Reached XP level 9. HP: 55/55 MP: 9/9
  4684 | D:7      | You fall into a shaft and drop 1 floor!
  4699 | D:8      | Reached *** piety under Trog
  4701 | D:8      | Reached skill level 5 in Armour
  4701 | D:8      | Noticed Maggie
  4709 | D:8      | Killed Maggie
  4710 | D:8      | Reached skill level 9 in Axes
  4865 | D:7      | Found a hide-covered altar of Uskayaw.
  5131 | D:7      | Reached skill level 10 in Axes
  5178 | D:7      | Noticed a komodo dragon
  5186 | D:7      | Reached XP level 10. HP: 63/63 MP: 10/10
  5203 | D:7      | Reached **** piety under Trog
  5552 | D:8      | Reached skill level 11 in Axes
  5756 | D:8      | Noticed a gargoyle
  5770 | D:8      | Killed a gargoyle
  6198 | D:8      | Reached skill level 12 in Axes
  6198 | D:8      | Reached XP level 11. HP: 39/69 MP: 11/11
  6367 | D:8      | Found a sacrificial altar of Ru.
  6367 | D:8      | Found a faded altar of an unknown god.
  6373 | D:8      | Found an ancient bone altar of Kikubaaqudgha.
  6375 | D:8      | Found a bloodstained altar of Trog.
  6376 | D:8      | Found a faded altar of an unknown god.
  6846 | D:9      | Found a staircase to the Lair.
  7398 | D:9      | Reached ***** piety under Trog
  7564 | Lair:1   | Entered Level 1 of the Lair of Beasts
  7808 | Lair:1   | Reached skill level 13 in Axes
  7894 | Lair:1   | Found a dark tunnel.
  7978 | Volcano  | Entered a volcano
  8848 | Volcano  | Found a radiant altar of Vehumet.
  8848 | Volcano  | Noticed a red ugly thing
  8848 | Volcano  | Noticed a sun demon
  8859 | Volcano  | Killed a red ugly thing
  8862 | Volcano  | HP: 5/106 [red devil/+4 trident of flaming (13)]
  8864 | Volcano  | Slain by a sun demon

Illustrated notes

Levels and vault maps discovered:
D:1:      spicycebolla_arrival_risky_transporter, layout_loops_ring,
          chequers_ecumenical_altar_simple, minmay_lizard_pond
D:2:      layout_basic, serial_rivers, chequers_serial_rivers_marsh,
          chequers_serial_rivers_large_b, chequers_serial_rivers_micro_c,
          chequers_serial_rivers_room_b, kennysheep_generic_room_13
D:3:      layout_rooms
D:4:      layout_basic, gammafunk_ghost_smash, nrook_mini_vaults, uniq_grinder,
          uniq_eustachio
D:5:      layout_gridville, evilmike_ruin_ashenzari
D:6:      layout_basic, minmay_temple_entry_antechambers
D:7:      layout_rooms, nicolae_uskayaw_dance_hall,
          minmay_misc_feat_more_columns, minmay_lizard_king
D:8:      layout_loops_corners, chequers_temple_overflow_minitemple,
          serial_undead, serial_undead_e, serial_undead_e, serial_undead_d,
          serial_undead_b, serial_undead_a, serial_undead_c,
          serial_bayou_ford_a, uniq_maggie
D:9:      layout_roguey, hellmonk_lair_entry_icy, grunt_livestock
Lair:1:   layout_cave_pods, nicolae_volcano_entry_hallway
Volcano:  volcano_lake [vl_original]

Skill      XL: |  1  2  3  4  5  6  7  8  9 10 11 |
---------------+----------------------------------+-----
Axes           | 3 4 5 6 8 10 12 13 | 13.3
Fighting       | 4 5 6 7 8 9 |  9.2
Dodging        | 2 3 4 |  4.8
Armour         | 3 4 5 6 7 |  7.3
Stealth        | 1 2 |  2.2

Action                     |  1- 3 |  4- 6 |  7- 9 | 10-12 || total
---------------------------+-------+-------+-------+-------++-------
  Melee: Hand axe          |    82 |   199 |    34 |       ||   315
         Executioner's axe |       |       |    97 |   183 ||   280
 Invoke: Berserk           |     1 |     2 |     4 |     3 ||    10
         Trog's Hand       |       |     3 |     4 |     3 ||    10
         Brothers in Arms  |       |       |       |     1 ||     1
    Use: Scroll            |     2 |     5 |     9 |     4 ||    20
   Stab: Sleeping          |       |     1 |       |       ||     1
 Armour: Animal skin       |    45 |    29 |       |       ||    74
         Chain mail        |       |   121 |    39 |       ||   160
         Ring mail         |       |       |   102 |   296 ||   398
  Dodge: Dodged            |    56 |    99 |   100 |   217 ||   472
         Repelled          |       |       |       |     7 ||     7

Table legend: (Time is in decaauts)
 A = Elapsed time spent in this place.
 B = Non-inter-level travel time spent in this place.
 C = Inter-level travel time spent in this place.
 D = Time resting spent in this place.
 E = Time spent auto-exploring this place.
 F = Levels seen in this place.
 G = Mean time per level.
                   A        B        C        D        E       F      G
               +--------+--------+--------+--------+--------+-----+--------+
         Total |   9312 |   9121 |    191 |    135 |   6717 |  11 |  846.5 |
       Dungeon |   7977 |   7786 |    191 |    135 |   5692 |   9 |  886.3 |
          Lair |    430 |    430 |      0 |      0 |    333 |   1 |  430.0 |
       Volcano |    905 |    905 |      0 |      0 |    692 |   1 |  905.0 |
               +--------+--------+--------+--------+--------+-----+--------+

Top non-repeatable levels by time:
     D:8: 1455 daAuts
     D:2: 1033 daAuts
     D:5: 986 daAuts
     D:4: 919 daAuts
 Volcano: 905 daAuts
     D:7: 889 daAuts
     D:1: 866 daAuts
     D:9: 773 daAuts
     D:6: 677 daAuts
  Lair:1: 430 daAuts
     D:3: 377 daAuts
